 Dungeon Crawl Stone Soup version 0.30-a0-1050-g2766ea1e55 (webtiles) character file.

Game seed: 8445919200071261150

1509 CryoSword the Shield-Bearer (level 8, 0/57 HPs)
             Began as a Green Draconian Hedge Wizard on Apr 10, 2023.
             Was a Follower of Sif Muna.
             Slain by an ice beast (4 damage)
             ... on level 6 of the Dungeon.
             The game lasted 00:08:17 (5748 turns).

CryoSword the Shield-Bearer (DrHW)                  Turns: 5748, Time: 00:08:18

Health: 0/57       AC:  7    Str: 13    XL:     8   Next: 53%
Magic:  12/12      EV: 11    Int: 16    God:    Sif Muna [*.....]
Gold:   322        SH:  5    Dex: 11    Spells: 5/13 levels left

rFire   . . .      SeeInvis .    v - +0 dagger (venom)
rCold   . . .      Faith    .    f - +0 buckler
rNeg    . . .      Spirit   .    (body armour unavailable)
rPois   +          Reflect  .    b - +0 hat
rElec   .          Rampage  .    (no cloak)
rCorr   .                        (no gloves)
Will    .....                    x - +0 pair of boots
Stlth   ++                       (no amulet)
HPRegen 0.29/turn                p - ring of poison resistance
MPRegen 0.13/turn                q - ring of wizardry

@: slowed, very slow
A: breathe noxious fumes, AC +6, unfitting armour, poison resistance,
cold-blooded
a: Breathe Noxious Fumes, Renounce Religion, Channel Magic


You were on level 6 of the Dungeon.
You worshipped Sif Muna.
Sif Muna was aware of your devotion.
You visited 2 branches of the dungeon, and saw 7 of its levels.

You collected 322 gold pieces.

Inventory:

Hand Weapons
 v - a +0 dagger of venom (weapon)
   (You took it off a goblin on level 3 of the Dungeon)
Missiles
 n - 10 poisoned darts (quivered)
Armour
 b - a +0 hat (worn)
 f - a +0 buckler (worn)
   (You found it on level 1 of the Dungeon)
 x - a +0 pair of boots (worn)
   (You found it on level 5 of the Dungeon)
Jewellery
 p - a ring of poison resistance (left hand)
   (You found it on level 2 of the Dungeon)
 q - a ring of wizardry (right hand)
   (You found it on level 2 of the Dungeon)
 B - a ring of ice
   (You found it on level 5 of the Dungeon)
Wands
 y - a wand of iceblast (7)
   (You found it on level 5 of the Dungeon)
 A - a wand of light (8)
   (You took it off Blork the orc on level 5 of the Dungeon)
Scrolls
 a - a scroll of amnesia {unknown}
 e - a scroll of silence {unknown}
 h - a scroll of noise {unknown}
 i - 9 scrolls of teleportation {@r4}
 j - a scroll of poison {unknown}
 o - 3 scrolls of blinking {unknown}
 w - a scroll of fog {unknown}
 z - 6 scrolls of identify {@r1}
Potions
 c - a potion of magic
 d - 5 potions of lignification {!q}
 g - 2 potions of heal wounds {unknown}
 k - a potion of invisibility {unknown}
 l - 4 potions of curing {@q1}
 m - 3 potions of might
 r - 2 potions of attraction {unknown}
 s - 2 potions of ambrosia {unknown}
 t - a potion of flight {unknown}
 u - 4 potions of mutation {!q}
 C - a potion of degeneration {unknown}
 D - a potion of resistance {unknown}


   Skills:
 - Level 1.7 Dodging
 - Level 1.7 Stealth
 * Level 6.2 Shields
 - Level 3.0 Spellcasting
 - Level 5.0 Conjurations
 + Level 4.4 Summonings
 - Level 3.0 Translocations
 + Level 3.1 Air Magic
 - Level 3.0 Poison Magic
 + Level 0.0 Invocations


You had 5 spell levels left.
You knew the following spells:

 Your Spells              Type           Power      Damage    Failure   Level
a - Magic Dart            Conj           72%        1d6       1%          1
b - Call Imp              Summ           32%        N/A       2%          2
B - Blink                 Tloc           24%        N/A       4%          2
C - Mephitic Cloud        Conj/Pois/Air  14%        N/A       6%          3

Your spell library contained the following spells:

 Spells                   Type           Power      Damage    Failure   Level
 Cigotuvi's Dreadful Rot  Necr/Pois/Air  16%        N/A       6%          2
 Slow                     Hex            8%         N/A       10%         1
 Sublimation of Blood     Necr           2%         N/A       14%         2
 Wereblood                Tmut           2%         N/A       14%         2
 Frozen Ramparts          Ice            4%         1d1       26%         3
 Ozocubu's Armour         Ice            2%         N/A       26%         3
 Summon Ice Beast         Ice/Summ       9%         N/A       34%         4
 Ice Form                 Ice/Tmut       2%         N/A       65%         4
 Metabolic Englaciation   Hex/Ice        1%         N/A       92%         5
 Simulacrum               Ice/Necr       1%         N/A       100%        6
 Summon Hydra             Summ           8%         N/A       100%        7


Dungeon Overview and Level Annotations

Branches:
Dungeon (6/15)             Temple (1/1) D:4

Altars:
Ashenzari
Dithmenos
Hepliaklqana
Nemelex Xobeh
Okawaru
Ru
Sif Muna
Vehumet
Xom


Innate Abilities, Weirdness & Mutations

You can breathe blasts of noxious fumes.
Your lurid green scales are hard. (AC +6)
You cannot fit into any form of body armour.
Your system is resistant to poisons. (rPois)
You are cold-blooded and may be slowed by cold attacks.


Message History

Your cerulean imp hits the orc wizard from afar with a -2 spear.
Aim: an orc wizard, wielding a +0 dagger and wearing a +0 robe (severely wounded, ally target, 50% to hit)
You exhale a blast of noxious fumes.
The blast of choking fumes hits the orc wizard.
The orc wizard is engulfed in noxious fumes.
The orc wizard appears confused.
The orc wizard closely misses you.
Your cerulean imp barely misses the orc wizard.
You hit the orc wizard but do no damage.
The orc wizard is poisoned.
The orc wizard is engulfed in noxious fumes.
The orc wizard appears confused.
Your cerulean imp hits the orc wizard but does no damage.
Your cerulean imp disappears in a puff of smoke!
The orc wizard hits you but does no damage.
Things that are here:
a +0 dagger; a +0 robe; a potion of mutation {!q} You hit the orc wizard but do no damage.
The orc wizard looks even sicker.
You kill the orc wizard!
Sif Muna accepts your kill.
No target in view!
You have got your breath back.
u - 3 potions of mutation {!q} (gained 1)
Things that are here:
a +0 dagger; a +0 robe
u - 4 potions of mutation {!q} (gained 1)
Things that are here:
a +0 dagger; a +0 leather armour; an orc corpse
z - 6 scrolls of identify {@r1} (gained 1)
Found a robe.
You now have 322 gold pieces (gained 13).
Found a ring mail.
Found a stone staircase leading down.
D - a glowing black potion
o - 3 scrolls labelled COLEAC WIRRUCE (gained 1)
There is a stone staircase leading down here.
A hound comes into view.
A hound is nearby!
A hound is nearby!
A tiny devil pulls itself out of the air.
Your cerulean imp closely misses the hound.
You swap places.
The hound bites you.
Your cerulean imp closely misses the hound.
You hit the hound.
The hound is poisoned.
The hound bites you.
Your cerulean imp hits the hound from afar with a -3 spear.
The hound bites you.
Aim: a hound (severely wounded, very poisoned, ally target, 45% to hit)
You exhale a blast of noxious fumes.
The blast of choking fumes hits the hound.
You kill the hound!
Sif Muna accepts your kill.
No target in view!
Your cerulean imp disappears in a puff of smoke!
You have got your breath back.
Could not explore, unopened door.
Could not explore, unopened door.
Could not explore, unopened door.
You open the door.
Found a dagger.
There is an open door here.
There is an open door here.
An adder comes into view.
The adder hisses angrily.
You hear a shout!
An ufetubus comes into view.
There are monsters nearby!
Unknown command.
Aim: an adder (37% to hit)
You exhale a blast of noxious fumes.
The blast of choking fumes hits the adder.
The blast of choking fumes hits the ufetubus.
The ufetubus is engulfed in noxious fumes.
The ufetubus appears confused.
The ufetubus misses the adder. x2
The ufetubus barely misses itself. x2; The adder is engulfed in noxious fumes.
The adder appears confused.
The adder bites you but does no damage.
A tiny devil pulls itself out of the air.
The adder is engulfed in noxious fumes.
The adder appears confused.
You block the adder's attack.
The ufetubus is engulfed in noxious fumes.
The ufetubus appears confused.
The adder is engulfed in noxious fumes.
The adder appears confused.
The adder misses you.
You closely miss the adder.
The adder is engulfed in noxious fumes.
The adder appears confused.
The adder bites the ufetubus.
The ufetubus is killed!
Sif Muna accepts your kill.
You catch the helpless adder completely off-guard!
You hit the adder.
The adder is poisoned.
You kill the adder!
Sif Muna accepts your kill.
You can now call upon Sif Muna for magical energy.
No target in view!
No target in view!
You see here an adder corpse.
Found a long sword.
You have got your breath back.
Your cerulean imp disappears in a puff of smoke!
Could not explore, unopened door.
Could not explore, unopened door.
Could not explore, unopened door.
You open the door.
There is an open door here.
l - 4 potions of curing {@q1} (gained 1) Could not explore, unopened door.
Could not explore, unopened door.
As you open the door, it creaks loudly!
An ice beast comes into view.
A tiny devil pulls itself out of the air.
The ice beast hits you but does no damage.
You hit the ice beast but do no damage. The ice beast barely misses you.
You barely miss the ice beast.
Your tail-slap misses the ice beast.
Your cerulean imp hits the ice beast from afar with a -3 spear.
The ice beast closely misses you.
You hit the ice beast but do no damage.
Your cerulean imp misses the ice beast.
The ice beast hits you but does no damage.
You hit the ice beast but do no damage.
The ice beast is poisoned.
Your cerulean imp closely misses the ice beast.
You block the ice beast's attack.
You closely miss the ice beast.
Your cerulean imp hits the ice beast but does no damage.
The ice beast hits you but does no damage.
You hit the ice beast but do no damage.
You tail-slap the ice beast, but do no damage.
Your cerulean imp hits the ice beast but does no damage.
The ice beast hits you. The ice beast freezes you!
You feel yourself slow down.
You closely miss the ice beast.
Your cerulean imp hits the ice beast from afar with a -3 spear.
The ice beast hits you. The ice beast freezes you!
Your cerulean imp hits the ice beast but does no damage.
The ice beast hits you but does no damage.
You are too injured to fight recklessly!
You are too injured to fight recklessly!
You feel yourself speed up.
Your cerulean imp hits the ice beast from afar with a -3 spear.
Your cerulean imp hits the ice beast with a -3 spear.
The ice beast attacks as you move away! The ice beast completely misses you.
Your cerulean imp barely misses the ice beast.
Your cerulean imp hits the ice beast from afar with a -3 spear.
You closely miss the ice beast. The ice beast hits you.
The ice beast freezes you!
You feel yourself slow down.
* * * LOW HITPOINT WARNING * * *
Your cerulean imp hits the ice beast but does no damage.
The ice beast attacks as you move away! The ice beast hits you.
* * * LOW HITPOINT WARNING * * *
The ice beast freezes you!
You feel as though you will be slow longer.
* * * LOW HITPOINT WARNING * * *
The ice beast hits you.
You die...

.............# #....
##+........... #####
≈≈#...>....>..
.≈#...........
.≈#..#.####+######
.≈#.....###.#....####
####.#.#....'.......#
##.#.#.#.####.......#
.....#.#.# ##..@...#
...#.#.#.# #..Y...#
...#.#.#.#####......#
####.†..........5...#
####..########......#
......# #......#
###..## ##'####.#
.....# #. .# ###..#
#. .#


You could see an ice beast (poisoned, ally target) and a friendly cerulean imp
(summoned).

Vanquished Creatures
  Sigmund (D:3)
  2 lemures (D:5)
  Blork the orc (D:5)
  2 bullfrogs
  2 scorpions
  5 hounds
  2 orc wizards (D:6)
  5 iguanas
  7 adders
  An ufetubus (D:6)
  3 dart slugs
  3 orcs
  4 bats
  6 endoplasms
  7 giant cockroaches
  8 goblins
  6 hobgoblins
  6 jackals
  7 quokkas
  7 ball pythons
  5 kobolds
  9 rats
99 creatures vanquished.

Vanquished Creatures (collateral kills)
  Pikel (D:5)
  A jelly (D:5)
  An iguana (D:6)
  A sleepcap (D:5)
  3 adders
  3 orcs
  A ball python (D:4)
  A bat (D:3)
  A goblin (D:4)
13 creatures vanquished.

Grand Total: 112 creatures vanquished

Notes
Turn   | Place    | Note
-------+----------+-------------------------------------------
     0 | D:1      | CryoSword the Draconian Hedge Wizard began the quest for
                  | the Orb.
     0 | D:1      | Reached XP level 1. HP: 14/14 MP: 4/4
   164 | D:1      | Reached XP level 2. HP: 16/20 MP: 0/6
   183 | D:1      | Reached skill level 1 in Shields
   733 | D:1      | Reached XP level 3. HP: 26/26 MP: 7/7
   911 | D:1      | You fall into a shaft and drop 1 floor!
  1550 | D:2      | Learned a level 2 spell: Blink
  1553 | D:2      | Learned a level 2 spell: Call Imp
  1557 | D:2      | Learned a level 3 spell: Mephitic Cloud
  1689 | D:2      | Identified the +4 spear of Youthful Indiscretion {drain,
                  | rF- Will+ Int+2}
  1713 | D:2      | Reached XP level 4. HP: 25/33 MP: 3/8
  2264 | D:3      | Reached skill level 2 in Shields
  2657 | D:3      | Noticed Sigmund
  2667 | D:3      | Killed Sigmund
  2668 | D:3      | Reached skill level 3 in Shields
  2668 | D:3      | Reached XP level 5. HP: 14/38 MP: 5/9
  3197 | D:4      | Reached XP level 6. HP: 44/45 MP: 7/10
  3400 | D:4      | Found a staircase to the Ecumenical Temple.
  3559 | D:4      | Found a broken altar of Ashenzari.
  4134 | D:5      | Entered Level 5 of the Dungeon
  4134 | D:5      | Found a hazy altar of Hepliaklqana.
  4488 | D:5      | Your scales start taking on a lurid green colour.
  4488 | D:5      | Reached XP level 7. HP: 50/50 MP: 11/11
  4488 | D:5      | Gained mutation: Your system is resistant to poisons.
                  | (rPois) [Green Draconian growth]
  4551 | Temple   | Entered the Ecumenical Temple
  4568 | Temple   | Became a worshipper of Sif Muna the Loreminder
  4599 | D:5      | Noticed Blork the orc
  4616 | D:5      | Killed Blork the orc
  4617 | D:5      | Reached skill level 4 in Shields
  4625 | D:5      | Noticed Pikel
  4786 | D:5      | Killed Pikel
  4787 | D:5      | Reached skill level 5 in Shields
  4787 | D:5      | Reached skill level 5 in Conjurations
  4787 | D:5      | Reached skill level 1 in Air Magic
  4787 | D:5      | Reached XP level 8. HP: 57/57 MP: 7/12
  5524 | D:6      | Reached skill level 6 in Shields
  5694 | D:6      | Reached * piety under Sif Muna
  5748 | D:6      | Slain by an ice beast

Illustrated notes

Levels and vault maps discovered:
D:1:      minmay_arrival_doors, layout_loops_ring, minmay_worlds_worst_comb
D:2:      layout_loops_cross, grunt_ministairs_2, kennysheep_generic_room_12
D:3:      layout_loops_cross, uniq_sigmund
D:4:      layout_loops_ring, marbit_many_paths, minmay_temple_entry_waves,
          dk_rats_in_the_wall
D:5:      layout_loops_ring, mainiacjoe_overflow_catwalk, uniq_blork_the_orc,
          uniq_pikel
D:6:      layout_basic, trog_butcher_becter, st_stairs_13,
          chequers_serial_rivers_room_a
Temple:   eino_wide_crystal_templ

Skill      XL: |  1  2  3  4  5  6  7  8 |
---------------+-------------------------+-----
Shields        | 1 3 5 6 |  6.2
Conjurations   | 2 3 4 5 |  5.0
Translocations | 2 3 |  3.0
Summonings     | 2 3 4 |  4.4
Air Magic      | 1 3 |  3.1
Poison Magic   | 2 3 |  3.0
Dodging        | |  1.7
Stealth        | |  1.7
Spellcasting   | |  3.0

Action                     |  1- 3 |  4- 6 |  7- 9 || total
---------------------------+-------+-------+-------++-------
  Melee: Whip              |    90 |    20 |       ||   110
         Tailslap          |    10 |    23 |    15 ||    48
         Dagger            |       |   114 |    97 ||   211
   Cast: Magic Dart        |    62 |    16 |     3 ||    81
         Call Imp          |     3 |    26 |    11 ||    40
Ability: Breathe Noxious F |       |       |    14 ||    14
    Use: Scroll            |       |     6 |       ||     6
   Stab: Sleeping          |     5 |     2 |       ||     7
         Distracted        |       |     2 |       ||     2
         Confused          |       |       |     5 ||     5
 Armour: Skin              |    29 |    44 |    26 ||    99
  Dodge: Dodged            |    69 |    72 |    48 ||   189
  Block: Buckler           |    15 |    33 |    11 ||    59

Table legend: (Time is in decaauts)
 A = Elapsed time spent in this place.
 B = Non-inter-level travel time spent in this place.
 C = Inter-level travel time spent in this place.
 D = Time resting spent in this place.
 E = Time spent auto-exploring this place.
 F = Levels seen in this place.
 G = Mean time per level.
                   A        B        C        D        E       F      G
               +--------+--------+--------+--------+--------+-----+--------+
         Total |   5775 |   5591 |    184 |    192 |   4318 |   7 |  825.0 |
       Dungeon |   5751 |   5573 |    178 |    192 |   4308 |   6 |  958.5 |
        Temple |     23 |     18 |      5 |      0 |     10 |   1 |   23.0 |
               +--------+--------+--------+--------+--------+-----+--------+

Top non-repeatable levels by time:
     D:4: 1218 daAuts
     D:1: 1110 daAuts
     D:2: 1041 daAuts
     D:5: 962 daAuts
     D:3: 953 daAuts
     D:6: 464 daAuts
  Temple: 23 daAuts
